 Dungeon Sprint DCSS version 0.17.0-24-gcfadda4 (webtiles) character file.

2366 Kidiri the Covert (level 9, -1/93 HPs)
             Began as a Naga Fighter on Nov 17, 2015.
             Was the Champion of Cheibriados.
             Incinerated by a hell hog (20 damage)
             ... with a sticky flame
             ... in the Dungeon (Sprint V: "Ziggurat Sprint").
             The game lasted 00:03:58 (487 turns).

Kidiri the Covert (Naga Fighter)                     Turns: 487, Time: 00:03:58

Health: -1/93      AC: 29    Str: 51    XL:     9   Next: 44%
Magic:  9/14       EV:  7    Int: 23    God:    Cheibriados [******]
Gold:   0          SH: 34    Dex: 30    Spells: 0 memorised, 8 levels left

rFire  . . .     SeeInvis +     W - +14 obsidian axe {chop, +Fly Str+3 SInv *Curse} (curse)
rCold  . . .     Clarity  .     X - +15 Maxwell's patent armour {-Cast -Tele rElec MR+ rCorr}
rNeg   + . .     SustAt   .     Y - +18 shield of the gong {rElec rN+ MR+ EV-5}
rPois  +         Gourm    .     (no helmet)
rElec  +         Spirit   .     (no cloak)
rCorr  +         Warding  .     b - +1 pair of gloves {Dex+3}
rMut   .         NoTele   +     (no barding)
MR     +++..     NoCast   +     (no amulet)
Stlth  +.........               I - +6 ring of strength
                                H - +6 ring of strength

@: liquid flames, glowing, very slow, extremely resistant to hostile
enchantments, very unstealthy
A: see invisible, deformed body, poison resistance, slowness 2, slow metabolism
1, spit poison 2, AC +3
a: Spit Poison, Bend Time, Temporal Distortion, Slouch, Step From Time, Renounce
Religion, Evoke Flight


You were in the Dungeon.
You worshipped Cheibriados.
Cheibriados was exalted by your worship.
You were not hungry.

You visited 1 branch

Inventory:

Hand Weapons
 W - the cursed +14 obsidian axe (weapon) {chop, +Fly Str+3 SInv *Curse}
   (You found it in the Dungeon)

   It inflicts extra damage upon your enemies.
   It affects your strength (+3).
   It lets you see invisible.
   It lets you fly.
   It may re-curse itself when equipped.
   It has a curse placed upon it.
Armour
 b - a +1 pair of gloves of dexterity (worn)
 X - the +15 Maxwell's patent armour (worn) {-Cast -Tele rElec MR+ rCorr}
   (You found it in the Dungeon)

   It insulates you from electricity.
   It affects your resistance to hostile enchantments.
   It prevents spellcasting.
   It prevents most forms of teleportation.
   It protects you from acid and corrosion.
 Y - the +18 shield of the gong (worn) {rElec rN+ MR+ EV-5}
   (You found it in the Dungeon)

   It affects your evasion (-5).
   It insulates you from electricity.
   It protects you from negative energy.
   It affects your resistance to hostile enchantments.
Jewellery
 h - the ring of Honesty {SustAt rF+ rN+}
   (You found it in the Dungeon)

   [ring of sustain attributes]

   It sustains your strength, intelligence and dexterity.
   It protects you from fire.
   It protects you from negative energy.
 H - a +6 ring of strength (left hand)
 I - a +6 ring of strength (right hand)
Wands
 y - a wand of disintegration (7)
 A - a wand of fire (5)
 B - a wand of cold (5)
 C - a wand of draining (5)
Scrolls
 k - 4 scrolls of blinking
 q - 4 scrolls of amnesia
 r - 3 scrolls of recharging
 s - 7 scrolls of fog
 t - a scroll of holy word
 u - 5 scrolls of identify
 v - 5 scrolls of remove curse
 w - 2 scrolls of fear
Potions
 d - 6 potions of might
 f - 9 potions of curing
 g - 10 potions of heal wounds
 i - 7 potions of magic
 l - 2 potions of brilliance
 m - 2 potions of invisibility
 n - 4 potions of resistance
 p - 5 potions of agility
Comestibles
 a - 5 chunks of flesh
 c - 3 royal jellies
 e - 5 bread rations
 x - 42 fruits
 z - 4 meat rations


   Skills:
 * Level 9.7 Fighting
 * Level 9.4 Axes
 * Level 8.1 Armour
 + Level 5.3 Dodging
 + Level 9.9 Stealth
 * Level 8.1 Shields
 + Level 6.9 Invocations


You had 8 spell levels left.
You didn't know any spells.

Dungeon Overview and Level Annotations

Branches:
Dungeon (1/1)

Altars:
Ashenzari
Cheibriados
Dithmenos
Elyvilon
Fedhas
Gozag
Kikubaaqudgha
Makhleb
Nemelex Xobeh
Okawaru
Qazlal
Ru
Sif Muna
Trog
Vehumet
Xom
Yredelemnul
Zin
The Shining One
Beogh
Jiyva
Lugonu


Innate Abilities, Weirdness & Mutations

You cannot wear boots.
Your serpentine skin is tough (AC +3).
You have supernaturally acute eyesight.
Armour fits poorly on your strangely shaped body.
Your system is resistant to poisons.
You cover ground very slowly.
You have a slow metabolism.
You can spit poison.


Message History

You start resting.
You are covered in liquid flames!
You start resting.
You are covered in liquid flames!
* * * LOW HITPOINT WARNING * * *
You start resting.
You are covered in liquid flames!
* * * LOW HITPOINT WARNING * * *
Unknown command.
Drink which item? (? for menu, Esc to quit)
You feel better.
You are covered in liquid flames!
* * * LOW HITPOINT WARNING * * *
Unknown command.
You start resting.
You are covered in liquid flames!
* * * LOW HITPOINT WARNING * * *
Unknown command.
You are covered in liquid flames!
You die...

▓.....▓..%..▓.....▓
▓.....▓..^..▓▓▓▓▓▓▓
▓▓▓▓▓▓▓▓▓▓▓▓▓▓▓▓▓▓▓
▓..8©8...▓..8©8...▓
▓..)/....▓..}|"...▓
▓...4....▓..).)...▓
▓........▓........▓
▓..|)|...▓........▓
▓.▓....▓.▓.▓3@†.▓.▓
▓........▓........▓
▓▓▓▓▓▓▓▓▓▓▓▓▓▓▓▓▓▓▓


You could see a friendly soul eater.

Vanquished Creatures
  2 hell hogs (D)
  A jumping spider (D)
  A spriggan (D)
  3 fire elementals (D)
  A wolf (D)
  A hell hound (D)
  2 scorpions (D)
  An orc priest (D)
  An orc wizard (D)
  2 white imps (D)
  2 orcs (D)
  A giant cockroach zombie (D)
18 creatures vanquished.

Vanquished Creatures (others)
  A spatial maelstrom (D)
1 creature vanquished.

Grand Total: 19 creatures vanquished

Notes
Turn   | Place    | Note
--------------------------------------------------------------
     0 | D        | Kidiri the Naga Fighter began the quest for the Orb.
     0 | D        | Reached XP level 1. HP: 21/21 MP: 1/1
     0 | D        | Found a roughly hewn altar of Beogh.
     0 | D        | Found a viscous altar of Jiyva.
     0 | D        | Found a corrupted altar of Lugonu.
     0 | D        | Found a white marble altar of Elyvilon.
     0 | D        | Found a sparkling altar of Nemelex Xobeh.
     1 | D        | Found a burning altar of Makhleb.
     1 | D        | Found an iron altar of Okawaru.
     1 | D        | Found a deep blue altar of Sif Muna.
     1 | D        | Found a radiant altar of Vehumet.
     1 | D        | Found a bloodstained altar of Trog.
     1 | D        | Found a shimmering altar of Xom.
     6 | D        | Banished a spatial maelstrom
    29 | D        | Became a worshipper of Cheibriados the Contemplative
    99 | D        | Reached skill level 4 in Fighting
    99 | D        | Reached skill level 1 in Dodging
    99 | D        | Reached XP level 2. HP: 28/30 MP: 1/3
   124 | D        | Entered arena 1.
   124 | D        | Noticed a spriggan
   124 | D        | Noticed a wolf
   125 | D        | Killed a wolf
   125 | D        | Reached skill level 5 in Fighting
   125 | D        | Reached skill level 5 in Axes
   125 | D        | Reached skill level 5 in Stealth
   125 | D        | Reached XP level 3. HP: 36/39 MP: 3/5
   125 | D        | Reached XP level 4. HP: 42/46 MP: 3/6
   125 | D        | Reached XP level 5. HP: 47/52 MP: 3/7
   129 | D        | Killed a spriggan
   129 | D        | Reached * piety under Cheibriados
   129 | D        | Reached skill level 6 in Fighting
   129 | D        | Reached skill level 5 in Armour
   129 | D        | Reached skill level 5 in Shields
   129 | D        | Reached XP level 6. HP: 54/63 MP: 3/9
   171 | D        | Entered arena 2.
   171 | D        | Noticed a scorpion
   171 | D        | Noticed a jumping spider
   171 | D        | Noticed a scorpion
   174 | D        | Killed a scorpion
   177 | D        | Killed a scorpion
   177 | D        | Reached ** piety under Cheibriados
   181 | D        | Killed a jumping spider
   181 | D        | Reached skill level 7 in Fighting
   181 | D        | Reached skill level 5 in Invocations
   181 | D        | Reached XP level 7. HP: 49/72 MP: 10/10
   272 | D        | Entered arena 3.
   272 | D        | Noticed a hell hound
   273 | D        | Reached *** piety under Cheibriados
   274 | D        | Killed a hell hound
   274 | D        | Reached **** piety under Cheibriados
   333 | D        | Entered arena 4.
   333 | D        | Noticed an orc priest
   333 | D        | Noticed an orc wizard
   336 | D        | Reached ***** piety under Cheibriados
   336 | D        | Killed an orc wizard
   340 | D        | Killed an orc priest
   351 | D        | Got the ring of Honesty {SustAt rF+ rN+}
   476 | D        | Entered arena 5.
   476 | D        | Noticed a fire elemental
   476 | D        | Noticed a hell hog
   476 | D        | Noticed a fire elemental
   476 | D        | Noticed a fire elemental
   476 | D        | Noticed a hell hog
   478 | D        | Killed a hell hog
   478 | D        | Reached skill level 8 in Fighting
   478 | D        | Reached XP level 8. HP: 57/82 MP: 12/12
   479 | D        | Killed a fire elemental
   479 | D        | Reached skill level 9 in Stealth
   479 | D        | Killed a fire elemental
   479 | D        | Killed a fire elemental
   479 | D        | Reached XP level 9. HP: 51/91 MP: 13/13
   480 | D        | Killed a hell hog
   480 | D        | Reached ****** piety under Cheibriados
   480 | D        | Reached skill level 5 in Dodging
   487 | D        | Incinerated by a hell hog

Action                   |  1- 3 |  4- 6 |  7- 9 || total
-------------------------+-------+-------+-------++-------
Melee: Broad axe         |     1 |    10 |    13 ||    24
Invok: Slouch            |       |       |     1 ||     1
  Use: Potion            |     1 |       |     1 ||     2
